[ AOE2 MATCH · #483090141 ]
UnrankedTeutons vs Mongols
[ REPLAY ANALYSIS · EXTRACTED FROM THE RECORDED GAME ]
Feudal
16:36
Castle
31:10
Imperial
—
| APM avg | 26.7 |
| APM peak | 74 |
| eAPM avg | 13.7 |
| Villagers / military | 94 / 196 |
Focus
⚔️ 35.0% · 🌾 65.0%
Militia ×96 · Spearman ×70 · Fishing Ship ×20 · Teutonic Knight ×14 · Fire Galley ×11 · Demolition Raft ×3
Feudal
21:12
Castle
45:38
Imperial
55:34
| APM avg | 18.0 |
| APM peak | 49 |
| eAPM avg | 9.9 |
| Villagers / military | 116 / 55 |
Focus
⚔️ 18.1% · 🌾 81.9%
Fishing Ship ×19 · Galley ×16 · Fire Galley ×16 · Unknown (2626) ×8 · Cannon Galleon ×7 · Militia ×6
Feudal
13:22
Castle
25:16
Imperial
—
| APM avg | 25.0 |
| APM peak | 75 |
| eAPM avg | 14.3 |
| Villagers / military | 73 / 35 |
Focus
⚔️ 14.1% · 🌾 85.9%
Fishing Ship ×18 · Kipchak ×13 · Demolition Raft ×8 · Cavalry Archer ×6 · Scout Cavalry ×3 · Steppe Lancer ×3
Feudal
20:07
Castle
46:14
Imperial
—
| APM avg | 19.9 |
| APM peak | 65 |
| eAPM avg | 13.8 |
| Villagers / military | 146 / 103 |
Focus
⚔️ 16.2% · 🌾 83.8%
Karambit Warrior ×100 · Fishing Ship ×50 · Skirmisher ×3 · Trade Cog ×2
Feudal
14:27
Castle
32:47
Imperial
39:28
| APM avg | 18.7 |
| APM peak | 44 |
| eAPM avg | 13.3 |
| Villagers / military | 188 / 405 |
Focus
⚔️ 35.8% · 🌾 64.2%
Spearman ×177 · Knight ×109 · Militia ×89 · Trebuchet (Packed) ×15 · Centurion ×8 · Fishing Ship ×5
Feudal
15:22
Castle
19:39
Imperial
42:49
| APM avg | 59.2 |
| APM peak | 107 |
| eAPM avg | 32.5 |
| Villagers / military | 180 / 218 |
Focus
⚔️ 34.5% · 🌾 65.5%
Knight ×77 · Throwing Axeman ×48 · Scout Cavalry ×40 · Spearman ×18 · Skirmisher ×18 · Trebuchet (Packed) ×9
Feudal
14:25
Castle
37:58
Imperial
58:15
| APM avg | 19.7 |
| APM peak | 44 |
| eAPM avg | 12.3 |
| Villagers / military | 160 / 207 |
Focus
⚔️ 26.7% · 🌾 73.3%
Tarkan ×153 · Fishing Ship ×26 · Spearman ×23 · Militia ×18 · Scout Cavalry ×13 · Unknown (2626) ×5
Feudal
15:53
Castle
25:24
Imperial
40:30
| APM avg | 21.0 |
| APM peak | 52 |
| eAPM avg | 14.3 |
| Villagers / military | 130 / 193 |
Focus
⚔️ 25.7% · 🌾 74.3%
Battle Elephant ×111 · Ratha (Ranged) ×49 · Unknown (2626) ×19 · Elephant Archer ×18 · Trebuchet (Packed) ×14 · Fishing Ship ×10
Match map
Initial resources + every placement click. Lines = walls · curves = elevation contours. ◆ gold · ⬟ stone · ● berries · ✦ relic · ◌ wall gap
Your base· Open — 3t gap
NakedFighter's base· ✓ Closed at 45:38 · 3t walls · 1 gate(s)
R_FACELESS's base· Open — unwalled flank
Otis Abi's base· Open — 6t gap
vajcoj's base· Open — 4t gap
TANA's base· Open — 12t gap
網戀被騙三個大電's base· Open — unwalled flank
metalmilitia620's base· Open — unwalled flank
Smoothed initial terrain · ◌ = detected wall gap · hover for details
Inputs per minute
— mahoganygnu - - NakedFighter
Build order — mahoganygnu
First 150 of 349 actions detected
| 0:31 | Build | Town Center |
| 1:33 | Build | House |
| 2:52 | Queue | Villager (Male) |
| 2:52 | Queue | Villager (Male) |
| 2:53 | Queue | Villager (Male) |
| 2:53 | Queue | Villager (Male) |
| 2:53 | Queue | Villager (Male) |
| 2:58 | Build | Dock |
| 3:38 | Research | Loom |
| 3:53 | Build | House |
| 3:56 | Build | Palisade Wall |
| 4:34 | Queue | Villager (Male) |
| 5:15 | Queue | Fishing Ship |
| 5:15 | Queue | Fishing Ship |
| 6:08 | Queue | Villager (Male) |
| 6:08 | Queue | Villager (Male) |
| 6:46 | Queue | Villager (Male) |
| 6:46 | Queue | Villager (Male) |
| 6:59 | Queue | Villager (Male) |
| 6:59 | Queue | Villager (Male) |
| 7:36 | Build | House |
| 7:38 | Build | House |
| 7:45 | Queue | Villager (Male) |
| 7:46 | Queue | Villager (Male) |
| 8:09 | Queue | Villager (Male) |
| 8:09 | Queue | Villager (Male) |
| 8:09 | Queue | Villager (Male) |
| 8:35 | Queue | Villager (Male) |
| 8:36 | Queue | Villager (Male) |
| 8:36 | Queue | Villager (Male) |
| 9:16 | Queue | Fishing Ship |
| 9:16 | Queue | Fishing Ship |
| 9:18 | Queue | Villager (Male) |
| 9:20 | Queue | Villager (Male) |
| 9:30 | Build | Palisade Wall |
| 9:39 | Queue | Villager (Male) |
| 9:40 | Queue | Villager (Male) |
| 9:59 | Queue | Fishing Ship |
| 10:00 | Queue | Fishing Ship |
| 10:15 | Queue | Villager (Male) |
| 10:38 | Queue | Villager (Male) |
| 10:50 | Build | Palisade Wall |
| 11:06 | Queue | Fishing Ship |
| 11:06 | Queue | Fishing Ship |
| 11:20 | Queue | Villager (Male) |
| 11:54 | Build | House |
| 12:01 | Build | House |
| 12:11 | Queue | Fishing Ship |
| 12:13 | Queue | Villager (Male) |
| 12:13 | Queue | Villager (Male) |
| 12:15 | Queue | Villager (Male) |
| 12:35 | Build | House |
| 12:50 | Build | Barracks |
| 12:58 | Queue | Fishing Ship |
| 13:19 | Build | House |
| 13:21 | Build | House |
| 13:34 | Queue | Villager (Male) |
| 13:35 | Queue | Villager (Male) |
| 13:50 | Queue | Fishing Ship |
| 14:01 | Build | Mining Camp |
| 14:15 | Build | Palisade Wall |
| 14:26 | Research | Feudal Age |
| 14:28 | Queue | Militia ×2 |
| 15:00 | Build | Mining Camp |
| 15:15 | Queue | Villager (Male) |
| 15:15 | Queue | Villager (Male) |
| 15:17 | Queue | Villager (Male) |
| 15:36 | Build | Palisade Wall |
| 15:40 | Queue | Militia |
| 15:41 | Queue | Militia |
| 15:48 | Build | Palisade Wall |
| 15:53 | Build | Palisade Gate |
| 16:00 | Build | Barracks |
| 16:08 | Build | Palisade Wall |
| 16:12 | Build | Palisade Gate |
| 16:19 | Queue | Militia ×2 |
| 16:19 | Queue | Militia ×2 |
| 16:36 | Age | Feudal Age |
| 16:44 | Research | Man-at-Arms (upgrade) |
| 16:59 | Build | Palisade Wall |
| 17:14 | Research | Arson |
| 17:16 | Queue | Villager (Male) |
| 17:18 | Research | Town Watch |
| 17:54 | Build | Watch Tower |
| 18:06 | Build | Blacksmith |
| 18:18 | Queue | Villager (Male) |
| 18:19 | Queue | Villager (Male) |
| 18:48 | Build | Mill |
| 18:52 | Queue | Villager (Male) |
| 19:03 | Research | Fletching |
| 19:04 | Research | Scale Mail Armor |
| 19:11 | Queue | Spearman |
| 19:11 | Queue | Spearman |
| 19:52 | Queue | Villager (Male) |
| 20:01 | Build | Stone Wall |
| 20:02 | Build | Stone Wall |
| 20:02 | Build | Stone Wall |
| 20:03 | Build | Stone Wall |
| 20:04 | Build | Stone Wall |
| 20:04 | Build | Stone Wall |
| 20:05 | Build | Stone Wall |
| 20:05 | Build | Stone Wall |
| 20:11 | Queue | Militia ×2 |
| 20:37 | Build | Market |
| 20:42 | Build | Mining Camp |
| 20:45 | Queue | Villager (Male) |
| 20:56 | Research | Forging |
| 20:57 | Research | Forging |
| 21:01 | Queue | Fire Galley ×5 |
| 21:04 | Queue | Villager (Male) |
| 21:29 | Queue | Militia |
| 21:29 | Queue | Militia |
| 21:30 | Queue | Militia |
| 21:33 | Build | House |
| 21:35 | Build | House |
| 21:35 | Build | House |
| 21:36 | Build | House |
| 21:57 | Build | House |
| 22:19 | Build | Watch Tower |
| 22:22 | Queue | Villager (Male) |
| 22:26 | Queue | Militia |
| 22:26 | Queue | Militia |
| 22:47 | Research | Horse Collar |
| 22:51 | Build | Farm |
| 22:52 | Build | Farm |
| 22:53 | Build | Farm |
| 22:54 | Build | Farm |
| 23:10 | Build | House |
| 23:13 | Build | House |
| 23:35 | Research | Tech 906 |
| 23:38 | Queue | Villager (Male) |
| 24:07 | Queue | Villager (Male) |
| 24:07 | Queue | Villager (Male) |
| 24:08 | Queue | Villager (Male) |
| 24:12 | Queue | Fishing Ship |
| 24:12 | Queue | Fishing Ship |
| 24:35 | Queue | Villager (Male) |
| 24:44 | Queue | Fire Galley |
| 25:24 | Queue | Villager (Male) |
| 25:25 | Queue | Villager (Male) |
| 25:29 | Queue | Fishing Ship |
| 25:29 | Queue | Fishing Ship |
| 25:34 | Build | House |
| 25:35 | Build | House |
| 25:36 | Build | House |
| 25:40 | Build | House |
| 25:42 | Build | House |
| 25:57 | Queue | Militia ×5 |
| 26:49 | Queue | Villager (Male) |
| 26:50 | Queue | Villager (Male) |
Build order — NakedFighter
First 150 of 365 actions detected
| 0:38 | Build | Town Center |
| 3:11 | Queue | Villager (Male) |
| 3:11 | Queue | Villager (Male) |
| 3:19 | Build | House |
| 3:23 | Build | House |
| 4:19 | Queue | Villager (Male) |
| 4:20 | Queue | Villager (Male) |
| 4:20 | Queue | Villager (Male) |
| 4:55 | Queue | Villager (Male) |
| 5:28 | Queue | Villager (Male) |
| 5:28 | Queue | Villager (Male) |
| 6:23 | Queue | Villager (Male) |
| 6:23 | Queue | Villager (Male) |
| 7:21 | Queue | Villager (Male) |
| 8:05 | Queue | Villager (Male) |
| 8:05 | Queue | Villager (Male) |
| 8:06 | Queue | Villager (Male) |
| 8:24 | Queue | Villager (Male) |
| 8:39 | Build | Dock |
| 8:54 | Queue | Villager (Male) |
| 9:01 | Build | House |
| 9:17 | Build | House |
| 9:21 | Build | House |
| 9:28 | Queue | Villager (Male) |
| 10:03 | Queue | Fishing Ship |
| 10:03 | Queue | Fishing Ship |
| 10:04 | Queue | Fishing Ship |
| 10:36 | Queue | Villager (Male) |
| 10:36 | Queue | Villager (Male) |
| 10:41 | Queue | Fishing Ship |
| 11:18 | Build | House |
| 11:19 | Build | House |
| 11:24 | Build | House |
| 11:27 | Build | House |
| 11:35 | Queue | Fishing Ship |
| 11:57 | Queue | Villager (Male) |
| 11:58 | Queue | Villager (Male) |
| 12:22 | Build | Mining Camp |
| 12:38 | Build | Mining Camp |
| 13:11 | Build | Mining Camp |
| 13:18 | Queue | Villager (Male) |
| 13:18 | Queue | Villager (Male) |
| 13:35 | Queue | Fishing Ship |
| 13:36 | Queue | Fishing Ship |
| 13:54 | Queue | Villager (Male) |
| 13:55 | Queue | Villager (Male) |
| 14:04 | Build | House |
| 14:06 | Build | House |
| 14:07 | Build | House |
| 14:10 | Build | House |
| 14:12 | Build | House |
| 14:14 | Build | House |
| 14:54 | Build | Mill |
| 15:22 | Build | House |
| 15:24 | Build | House |
| 15:48 | Build | Barracks |
| 15:59 | Queue | Villager (Male) |
| 16:00 | Queue | Villager (Male) |
| 16:05 | Queue | Fishing Ship |
| 16:43 | Queue | Militia |
| 16:44 | Queue | Militia |
| 16:58 | Build | House |
| 17:00 | Build | House |
| 17:05 | Build | House |
| 17:23 | Build | House |
| 17:42 | Queue | Villager (Male) |
| 17:42 | Queue | Villager (Male) |
| 17:47 | Queue | Militia |
| 17:47 | Queue | Militia |
| 18:02 | Build | House |
| 18:04 | Build | House |
| 18:09 | Build | House |
| 18:14 | Build | Palisade Wall |
| 18:25 | Build | House |
| 18:28 | Build | House |
| 18:31 | Build | House |
| 18:37 | Build | House |
| 18:40 | Build | House |
| 18:46 | Build | House |
| 18:57 | Queue | Villager (Male) |
| 19:02 | Research | Feudal Age |
| 19:52 | Build | House |
| 19:54 | Build | House |
| 19:55 | Build | House |
| 19:58 | Build | House |
| 20:00 | Build | House |
| 20:07 | Build | Barracks |
| 20:10 | Queue | Militia |
| 20:11 | Queue | Militia |
| 20:31 | Build | House |
| 20:37 | Build | House |
| 21:11 | Build | Lumber Camp |
| 21:12 | Age | Feudal Age |
| 21:37 | Build | House |
| 21:39 | Build | House |
| 21:42 | Build | House |
| 21:45 | Queue | Villager (Male) |
| 21:45 | Queue | Villager (Male) |
| 21:46 | Queue | Villager (Male) |
| 21:49 | Research | Loom |
| 21:59 | Build | Mining Camp |
| 22:10 | Build | Dock |
| 22:19 | Queue | Spearman |
| 22:19 | Queue | Spearman |
| 22:19 | Queue | Spearman |
| 22:57 | Build | House |
| 23:05 | Build | House |
| 23:25 | Queue | Fire Galley |
| 23:27 | Queue | Fire Galley |
| 23:32 | Queue | Fire Galley |
| 23:50 | Research | Tech 906 |
| 23:57 | Queue | Demolition Raft |
| 24:12 | Queue | Villager (Male) |
| 24:12 | Queue | Villager (Male) |
| 24:46 | Build | House |
| 24:50 | Build | House |
| 24:53 | Build | Palisade Wall |
| 25:03 | Build | House |
| 25:12 | Queue | Spearman |
| 25:12 | Queue | Spearman |
| 25:12 | Queue | Spearman |
| 27:26 | Queue | Fire Galley |
| 28:22 | Build | Town Center |
| 29:04 | Queue | Fire Galley |
| 30:18 | Build | Dock |
| 31:05 | Build | Dock |
| 31:11 | Queue | Villager (Male) |
| 31:11 | Queue | Villager (Male) |
| 31:11 | Queue | Villager (Male) |
| 31:12 | Queue | Villager (Male) |
| 31:25 | Build | Lumber Camp |
| 32:30 | Queue | Villager (Male) |
| 32:31 | Queue | Villager (Male) |
| 32:39 | Build | Dock |
| 33:04 | Queue | Fishing Ship |
| 33:04 | Queue | Fishing Ship |
| 33:05 | Queue | Fishing Ship |
| 33:41 | Build | Mill |
| 33:57 | Queue | Villager (Male) |
| 33:58 | Queue | Villager (Male) |
| 33:58 | Queue | Villager (Male) |
| 33:58 | Queue | Villager (Male) |
| 34:00 | Queue | Villager (Male) |
| 34:56 | Build | House |
| 35:03 | Build | House |
| 35:08 | Build | House |
| 35:13 | Build | House |
| 35:25 | Build | Palisade Gate |
| 35:29 | Build | House |
| 35:50 | Build | Lumber Camp |
Build order — R_FACELESS
First 150 of 243 actions detected
| 0:02 | Build | House |
| 0:16 | Build | Town Center |
| 1:39 | Build | Dock |
| 2:44 | Build | House |
| 2:47 | Queue | Villager (Male) |
| 2:47 | Queue | Villager (Male) |
| 2:47 | Queue | Villager (Male) |
| 2:47 | Queue | Villager (Male) |
| 3:51 | Queue | Villager (Male) |
| 4:19 | Queue | Villager (Male) |
| 4:39 | Queue | Villager (Male) |
| 5:32 | Research | Loom |
| 5:59 | Queue | Villager (Male) |
| 6:25 | Queue | Villager (Male) |
| 6:40 | Queue | Villager (Male) |
| 6:50 | Queue | Villager (Male) |
| 7:20 | Build | House |
| 7:23 | Build | House |
| 7:28 | Queue | Fishing Ship |
| 7:35 | Queue | Villager (Male) |
| 8:07 | Queue | Villager (Male) |
| 8:13 | Build | House |
| 8:24 | Queue | Villager (Male) |
| 8:28 | Queue | Fishing Ship |
| 8:53 | Queue | Villager (Male) |
| 9:11 | Queue | Villager (Male) |
| 9:47 | Build | Lumber Camp |
| 9:50 | Queue | Villager (Male) |
| 10:05 | Queue | Villager (Male) |
| 10:09 | Queue | Fishing Ship |
| 10:36 | Build | House |
| 10:44 | Build | House |
| 10:47 | Queue | Villager (Male) |
| 10:50 | Queue | Fishing Ship |
| 11:09 | Research | Feudal Age |
| 11:30 | Build | Mill |
| 11:49 | Queue | Villager (Male) |
| 11:56 | Build | House |
| 12:21 | Build | Barracks |
| 12:27 | Queue | Fishing Ship |
| 12:34 | Build | House |
| 12:46 | Build | Outpost |
| 12:54 | Queue | Villager (Male) |
| 13:07 | Build | Farm |
| 13:08 | Build | Farm |
| 13:08 | Build | Farm |
| 13:22 | Age | Feudal Age |
| 13:24 | Research | Double-Bit Axe |
| 13:47 | Queue | Villager (Male) |
| 14:27 | Build | Stable |
| 14:35 | Build | Town Center |
| 14:40 | Queue | Villager (Male) |
| 15:46 | Queue | Villager (Male) |
| 15:49 | Queue | Villager (Male) |
| 16:13 | Queue | Villager (Male) |
| 16:22 | Build | Palisade Wall |
| 16:26 | Build | Palisade Wall |
| 16:30 | Queue | Scout Cavalry |
| 16:47 | Queue | Villager (Male) |
| 16:49 | Build | Farm |
| 16:50 | Build | Farm |
| 16:50 | Build | Farm |
| 16:50 | Build | Farm |
| 16:50 | Build | Farm |
| 16:52 | Queue | Villager (Male) |
| 16:53 | Queue | Villager (Male) |
| 17:12 | Queue | Scout Cavalry |
| 17:21 | Build | Blacksmith |
| 17:25 | Build | Market |
| 17:38 | Queue | Villager (Male) |
| 17:44 | Queue | Fishing Ship |
| 17:56 | Build | Dock |
| 18:31 | Queue | Villager (Male) |
| 18:43 | Queue | Villager (Male) |
| 18:46 | Queue | Villager (Male) |
| 18:46 | Queue | Villager (Male) |
| 18:57 | Research | Horse Collar |
| 19:15 | Queue | Scout Cavalry |
| 19:28 | Build | Mining Camp |
| 19:30 | Queue | Villager (Male) |
| 19:31 | Queue | Villager (Male) |
| 19:36 | Queue | Villager (Male) |
| 20:22 | Build | House |
| 20:37 | Build | House |
| 20:37 | Build | House |
| 20:38 | Build | House |
| 20:41 | Queue | Villager (Male) |
| 20:47 | Queue | Villager (Male) |
| 20:53 | Queue | Villager (Male) |
| 21:01 | Build | Palisade Wall |
| 21:03 | Build | Palisade Wall |
| 21:21 | Build | House |
| 21:29 | Queue | Villager (Male) |
| 21:40 | Build | House |
| 21:44 | Build | House |
| 21:48 | Build | House |
| 21:54 | Build | House |
| 21:58 | Build | House |
| 22:02 | Build | House |
| 22:11 | Build | House |
| 22:14 | Build | House |
| 22:20 | Build | House |
| 22:22 | Build | House |
| 22:25 | Build | House |
| 22:37 | Research | Castle Age |
| 24:18 | Build | Mining Camp |
| 24:20 | Queue | Villager (Male) |
| 24:23 | Queue | Villager (Male) |
| 24:50 | Build | Dock |
| 24:58 | Build | Stable |
| 25:16 | Age | Castle Age |
| 25:34 | Queue | Demolition Raft |
| 26:25 | Build | Castle |
| 27:12 | Queue | Demolition Raft |
| 27:16 | Build | House |
| 27:17 | Build | House |
| 27:32 | Build | Blacksmith |
| 27:41 | Queue | Villager (Male) |
| 27:42 | Queue | Villager (Male) |
| 27:42 | Queue | Villager (Male) |
| 27:50 | Queue | Demolition Raft |
| 27:53 | Queue | Fishing Ship |
| 27:53 | Queue | Fishing Ship |
| 27:54 | Queue | Fishing Ship |
| 27:54 | Queue | Fishing Ship |
| 27:54 | Queue | Fishing Ship |
| 28:09 | Build | Mining Camp |
| 28:13 | Queue | Kipchak |
| 28:32 | Queue | Kipchak |
| 28:41 | Queue | Kipchak |
| 28:53 | Queue | Kipchak |
| 29:11 | Queue | Kipchak |
| 29:22 | Queue | Kipchak |
| 29:25 | Queue | Demolition Raft |
| 30:06 | Build | Market |
| 30:24 | Build | Mining Camp |
| 30:43 | Queue | Kipchak |
| 31:04 | Research | Fletching |
| 31:16 | Queue | Kipchak |
| 31:23 | Build | Archery Range |
| 31:27 | Build | University |
| 31:32 | Queue | Kipchak |
| 31:36 | Queue | Demolition Raft |
| 32:25 | Queue | Kipchak |
| 32:39 | Queue | Demolition Raft |
| 32:46 | Research | Tech 906 |
| 33:47 | Build | Town Center |
| 34:27 | Research | Ballistics |
| 35:58 | Queue | Kipchak |
| 36:07 | Queue | Kipchak |
Build order — Otis Abi
First 150 of 390 actions detected
| 0:09 | Build | Town Center |
| 0:29 | Build | House |
| 2:18 | Build | Dock |
| 2:33 | Queue | Villager (Male) |
| 2:34 | Queue | Villager (Male) |
| 2:34 | Queue | Villager (Male) |
| 2:34 | Queue | Villager (Male) |
| 2:34 | Queue | Villager (Male) |
| 2:58 | Build | House |
| 4:45 | Research | Loom |
| 4:53 | Queue | Villager (Male) |
| 5:35 | Queue | Villager (Male) |
| 5:35 | Queue | Villager (Male) |
| 5:54 | Queue | Fishing Ship |
| 6:27 | Queue | Villager (Male) |
| 6:28 | Queue | Villager (Male) |
| 6:28 | Queue | Villager (Male) |
| 7:03 | Build | House |
| 7:18 | Queue | Villager (Male) |
| 7:18 | Queue | Villager (Male) |
| 7:18 | Queue | Villager (Male) |
| 7:18 | Queue | Villager (Male) |
| 7:46 | Queue | Fishing Ship |
| 8:09 | Queue | Fishing Ship |
| 8:14 | Build | House |
| 8:25 | Queue | Villager (Male) |
| 8:25 | Queue | Villager (Male) |
| 8:49 | Build | House |
| 9:11 | Build | Lumber Camp |
| 9:51 | Queue | Villager (Male) |
| 10:17 | Build | Mining Camp |
| 10:25 | Queue | Fishing Ship |
| 10:38 | Build | House |
| 10:42 | Queue | Villager (Male) |
| 10:42 | Queue | Villager (Male) |
| 10:54 | Queue | Fishing Ship |
| 11:17 | Build | Outpost |
| 11:29 | Queue | Villager (Male) |
| 11:51 | Build | Dock |
| 11:55 | Build | House |
| 11:57 | Queue | Villager (Male) |
| 12:07 | Queue | Fishing Ship |
| 12:39 | Build | House |
| 12:45 | Queue | Fishing Ship |
| 12:48 | Queue | Fishing Ship |
| 13:01 | Build | House |
| 13:05 | Queue | Villager (Male) |
| 13:24 | Build | Mill |
| 13:33 | Queue | Villager (Male) |
| 13:48 | Build | Barracks |
| 13:59 | Queue | Villager (Male) |
| 14:36 | Queue | Villager (Male) |
| 14:40 | Queue | Fishing Ship |
| 15:04 | Queue | Villager (Male) |
| 15:05 | Queue | Villager (Male) |
| 15:21 | Build | Lumber Camp |
| 15:25 | Queue | Villager (Male) |
| 16:13 | Queue | Fishing Ship |
| 16:16 | Queue | Fishing Ship |
| 16:16 | Queue | Fishing Ship |
| 16:41 | Queue | Villager (Male) |
| 16:41 | Queue | Villager (Male) |
| 16:56 | Queue | Fishing Ship |
| 16:56 | Queue | Fishing Ship |
| 17:45 | Build | House |
| 17:51 | Queue | Villager (Male) |
| 18:07 | Queue | Fishing Ship ×5 |
| 18:07 | Queue | Fishing Ship ×5 |
| 18:49 | Research | Feudal Age |
| 19:57 | Build | Dock |
| 19:59 | Queue | Villager (Male) |
| 20:00 | Queue | Villager (Male) |
| 20:07 | Age | Feudal Age |
| 20:15 | Build | Watch Tower |
| 20:36 | Build | Lumber Camp |
| 20:49 | Build | House |
| 21:27 | Build | Mining Camp |
| 21:38 | Research | Man-at-Arms (upgrade) |
| 21:51 | Queue | Villager (Male) |
| 21:52 | Queue | Villager (Male) |
| 21:57 | Build | House |
| 22:23 | Queue | Villager (Male) |
| 22:24 | Queue | Villager (Male) |
| 22:35 | Build | House |
| 22:36 | Queue | Fishing Ship |
| 23:13 | Build | Archery Range |
| 23:19 | Queue | Villager (Male) |
| 24:11 | Queue | Villager (Male) |
| 24:11 | Queue | Villager (Male) |
| 24:13 | Research | Wheelbarrow |
| 24:39 | Build | Mining Camp |
| 24:40 | Queue | Villager (Male) |
| 24:40 | Queue | Villager (Male) |
| 24:51 | Queue | Skirmisher |
| 24:52 | Queue | Skirmisher |
| 24:52 | Queue | Skirmisher |
| 25:12 | Build | Watch Tower |
| 25:50 | Build | Watch Tower |
| 27:16 | Build | Mining Camp |
| 28:33 | Queue | Villager (Male) |
| 28:34 | Queue | Villager (Male) |
| 29:23 | Build | Mining Camp |
| 29:40 | Queue | Villager (Male) |
| 29:40 | Queue | Villager (Male) |
| 29:41 | Queue | Villager (Male) |
| 29:41 | Queue | Villager (Male) |
| 31:31 | Queue | Villager (Male) |
| 31:31 | Queue | Villager (Male) |
| 31:31 | Queue | Villager (Male) |
| 31:32 | Queue | Villager (Male) |
| 32:24 | Queue | Villager (Male) |
| 32:25 | Queue | Villager (Male) |
| 32:38 | Build | Lumber Camp |
| 33:54 | Build | Watch Tower |
| 34:04 | Build | Watch Tower |
| 35:37 | Build | Watch Tower |
| 36:05 | Queue | Villager (Male) |
| 36:05 | Queue | Villager (Male) |
| 36:18 | Research | Town Watch |
| 36:22 | Research | Town Watch |
| 38:36 | Build | Mining Camp |
| 39:41 | Queue | Villager (Male) |
| 40:22 | Build | Town Center |
| 42:00 | Build | Market |
| 42:20 | Queue | Villager (Male) |
| 42:21 | Queue | Villager (Male) |
| 42:21 | Queue | Villager (Male) |
| 42:22 | Queue | Villager (Male) |
| 42:25 | Queue | Villager (Male) |
| 42:25 | Queue | Villager (Male) |
| 43:06 | Build | House |
| 43:24 | Build | Blacksmith |
| 43:27 | Queue | Villager (Male) |
| 43:27 | Queue | Villager (Male) |
| 44:28 | Build | House |
| 44:32 | Queue | Villager (Male) |
| 44:38 | Research | Castle Age |
| 45:08 | Build | House |
| 46:02 | Build | Dock |
| 46:14 | Age | Castle Age |
| 46:49 | Queue | Villager (Male) |
| 47:03 | Build | Town Center |
| 47:06 | Queue | Villager (Male) |
| 47:08 | Queue | Villager (Male) |
| 47:10 | Queue | Villager (Male) |
| 47:22 | Queue | Villager (Male) |
| 47:23 | Queue | Villager (Male) |
| 47:23 | Queue | Villager (Male) |
| 47:24 | Queue | Villager (Male) |
| 48:33 | Queue | Fishing Ship |
Build order — vajcoj
First 150 of 415 actions detected
| 0:18 | Build | Town Center |
| 1:10 | Build | House |
| 2:34 | Queue | Villager (Male) |
| 2:34 | Queue | Villager (Male) |
| 2:34 | Queue | Villager (Male) |
| 2:35 | Queue | Villager (Male) |
| 3:53 | Queue | Villager (Male) |
| 3:54 | Queue | Villager (Male) |
| 4:36 | Queue | Villager (Male) |
| 4:36 | Queue | Villager (Male) |
| 4:49 | Queue | Villager (Male) |
| 4:50 | Queue | Villager (Male) |
| 5:27 | Queue | Villager (Male) |
| 5:27 | Queue | Villager (Male) |
| 5:31 | Build | House |
| 6:01 | Build | House |
| 6:08 | Build | House |
| 6:09 | Build | House |
| 6:19 | Research | Loom |
| 6:33 | Build | Palisade Wall |
| 7:29 | Build | Mill |
| 8:01 | Queue | Villager (Male) |
| 8:01 | Queue | Villager (Male) |
| 8:01 | Queue | Villager (Male) |
| 8:01 | Queue | Villager (Male) |
| 8:38 | Queue | Villager (Male) |
| 8:39 | Queue | Villager (Male) |
| 10:03 | Build | Dock |
| 10:09 | Queue | Villager (Male) |
| 10:10 | Queue | Villager (Male) |
| 10:37 | Queue | Villager (Male) |
| 11:22 | Build | House |
| 11:24 | Build | House |
| 11:37 | Queue | Fishing Ship |
| 11:37 | Queue | Fishing Ship |
| 12:10 | Build | Mill |
| 12:17 | Research | Feudal Age |
| 13:07 | Build | Palisade Wall |
| 13:35 | Queue | Villager (Male) |
| 13:35 | Queue | Villager (Male) |
| 13:35 | Queue | Villager (Male) |
| 13:49 | Queue | Villager (Male) |
| 13:49 | Queue | Villager (Male) |
| 13:55 | Build | Mining Camp |
| 14:09 | Build | Mining Camp |
| 14:27 | Age | Feudal Age |
| 14:45 | Build | Watch Tower |
| 14:47 | Build | House |
| 14:57 | Queue | Villager (Male) |
| 14:57 | Queue | Villager (Male) |
| 14:57 | Queue | Villager (Male) |
| 17:21 | Build | Mining Camp |
| 17:28 | Queue | Villager (Male) |
| 17:28 | Queue | Villager (Male) |
| 17:29 | Queue | Villager (Male) |
| 17:29 | Queue | Villager (Male) |
| 17:29 | Queue | Villager (Male) |
| 17:29 | Queue | Villager (Male) |
| 17:30 | Queue | Villager (Male) |
| 17:30 | Queue | Villager (Male) |
| 17:38 | Build | House |
| 17:39 | Build | House |
| 17:49 | Build | Lumber Camp |
| 18:10 | Build | Watch Tower |
| 18:36 | Build | Palisade Gate |
| 18:55 | Research | Town Watch |
| 19:02 | Queue | Villager (Male) |
| 19:02 | Queue | Villager (Male) |
| 19:02 | Queue | Villager (Male) |
| 19:02 | Queue | Villager (Male) |
| 19:05 | Research | Double-Bit Axe |
| 19:30 | Build | House |
| 19:47 | Build | Mill |
| 20:12 | Queue | Villager (Male) |
| 20:12 | Queue | Villager (Male) |
| 20:12 | Queue | Villager (Male) |
| 20:20 | Build | Farm |
| 20:20 | Build | Farm |
| 20:20 | Build | Farm |
| 20:20 | Build | Farm |
| 20:20 | Build | Farm |
| 20:21 | Build | Farm |
| 20:24 | Research | Horse Collar |
| 20:35 | Build | House |
| 20:44 | Build | Watch Tower |
| 21:48 | Build | Barracks |
| 22:13 | Build | Watch Tower |
| 22:22 | Queue | Villager (Male) |
| 22:22 | Queue | Villager (Male) |
| 22:23 | Queue | Villager (Male) |
| 22:23 | Queue | Villager (Male) |
| 22:23 | Queue | Villager (Male) |
| 22:32 | Build | Farm |
| 22:32 | Build | Farm |
| 22:33 | Build | Farm |
| 22:33 | Build | Farm |
| 22:33 | Build | Farm |
| 22:33 | Build | Farm |
| 22:39 | Queue | Demolition Raft |
| 22:40 | Queue | Demolition Raft |
| 22:40 | Queue | Demolition Raft |
| 22:40 | Queue | Demolition Raft |
| 23:08 | Research | Man-at-Arms (upgrade) |
| 23:10 | Queue | Militia |
| 23:10 | Queue | Militia |
| 23:11 | Queue | Militia |
| 23:11 | Queue | Militia |
| 23:44 | Queue | Villager (Male) |
| 23:44 | Queue | Villager (Male) |
| 23:53 | Build | House |
| 23:54 | Build | House |
| 23:55 | Build | House |
| 24:03 | Build | Stable |
| 24:13 | Queue | Villager (Male) |
| 24:13 | Queue | Villager (Male) |
| 24:21 | Build | Mining Camp |
| 24:49 | Build | Outpost |
| 25:36 | Queue | Militia |
| 25:36 | Queue | Militia |
| 25:36 | Queue | Militia |
| 25:53 | Build | House |
| 26:04 | Build | Mill |
| 26:07 | Research | Wheelbarrow |
| 26:08 | Queue | Villager (Male) |
| 26:08 | Queue | Villager (Male) |
| 26:09 | Queue | Villager (Male) |
| 26:14 | Build | Farm |
| 26:18 | Build | Farm |
| 26:22 | Queue | Villager (Male) |
| 26:22 | Queue | Villager (Male) |
| 26:22 | Queue | Villager (Male) |
| 26:24 | Queue | Villager (Male) |
| 27:17 | Queue | Fishing Ship |
| 27:18 | Queue | Fishing Ship |
| 27:18 | Queue | Fishing Ship |
| 27:36 | Queue | Villager (Male) |
| 27:36 | Queue | Villager (Male) |
| 28:16 | Build | Farm |
| 29:09 | Build | Market |
| 29:21 | Build | Blacksmith |
| 30:07 | Research | Castle Age |
| 30:12 | Research | Stone Mining |
| 30:12 | Research | Gold Mining |
| 30:30 | Build | House |
| 30:52 | Build | Gate |
| 32:47 | Age | Castle Age |
| 33:07 | Build | Castle |
| 33:26 | Build | Town Center |
| 33:37 | Queue | Knight |
| 33:38 | Queue | Knight |
Build order — TANA
First 150 of 572 actions detected
| 0:06 | Build | House |
| 1:17 | Build | Dock |
| 1:54 | Build | Town Center |
| 3:17 | Build | Palisade Wall |
| 3:31 | Build | House |
| 3:48 | Build | House |
| 4:00 | Build | Palisade Wall |
| 4:04 | Build | Palisade Wall |
| 4:20 | Build | Palisade Wall |
| 4:22 | Build | Palisade Wall |
| 4:24 | Build | Palisade Wall |
| 4:26 | Build | Palisade Wall |
| 4:29 | Build | Palisade Wall |
| 4:30 | Build | Palisade Wall |
| 5:08 | Queue | Villager (Male) |
| 5:08 | Queue | Villager (Male) |
| 5:08 | Queue | Villager (Male) |
| 5:09 | Queue | Villager (Male) |
| 5:09 | Queue | Villager (Male) |
| 5:09 | Queue | Villager (Male) |
| 6:06 | Queue | Villager (Male) |
| 6:51 | Queue | Fishing Ship |
| 7:30 | Queue | Villager (Male) |
| 7:35 | Build | House |
| 7:53 | Queue | Villager (Male) |
| 8:16 | Queue | Villager (Male) |
| 8:41 | Queue | Villager (Male) |
| 9:08 | Build | House |
| 9:11 | Queue | Villager (Male) |
| 9:16 | Queue | Fishing Ship |
| 9:16 | Queue | Fishing Ship |
| 9:21 | Queue | Villager (Male) |
| 9:57 | Queue | Villager (Male) |
| 10:36 | Queue | Villager (Male) |
| 10:40 | Build | House |
| 10:41 | Queue | Fishing Ship |
| 10:44 | Queue | Villager (Male) |
| 11:16 | Build | Palisade Gate |
| 11:32 | Queue | Villager (Male) |
| 11:34 | Queue | Fishing Ship |
| 11:46 | Queue | Villager (Male) |
| 12:11 | Queue | Villager (Male) |
| 12:20 | Research | Loom |
| 12:32 | Build | Mill |
| 12:46 | Queue | Villager (Male) |
| 13:03 | Research | Feudal Age |
| 13:40 | Build | Barracks |
| 14:14 | Build | House |
| 15:22 | Age | Feudal Age |
| 15:22 | Queue | Villager (Male) |
| 15:25 | Build | Blacksmith |
| 15:29 | Build | Stable |
| 15:31 | Queue | Villager (Male) |
| 16:11 | Build | Blacksmith |
| 16:17 | Queue | Villager (Male) |
| 16:59 | Research | Castle Age |
| 16:59 | Research | Castle Age |
| 17:44 | Queue | Spearman |
| 17:52 | Build | Mining Camp |
| 18:03 | Build | Stable |
| 18:17 | Build | Lumber Camp |
| 18:52 | Research | Double-Bit Axe |
| 18:59 | Build | House |
| 19:13 | Build | House |
| 19:16 | Queue | Villager (Male) |
| 19:25 | Research | Forging |
| 19:31 | Research | Gold Mining |
| 19:39 | Age | Castle Age |
| 19:40 | Queue | Knight |
| 19:41 | Queue | Knight |
| 20:02 | Queue | Villager (Male) |
| 20:11 | Queue | Knight |
| 20:28 | Queue | Villager (Male) |
| 20:37 | Build | Siege Workshop |
| 20:41 | Queue | Villager (Male) |
| 20:51 | Research | Scale Barding Armor |
| 20:58 | Build | House |
| 21:19 | Queue | Villager (Male) |
| 21:33 | Queue | Mangonel |
| 21:39 | Queue | Villager (Male) |
| 21:50 | Queue | Knight |
| 21:51 | Queue | Villager (Male) |
| 22:13 | Queue | Knight |
| 22:25 | Queue | Villager (Male) |
| 22:42 | Queue | Villager (Male) |
| 23:09 | Queue | Mangonel |
| 23:13 | Build | Town Center |
| 23:14 | Build | House |
| 23:16 | Queue | Villager (Male) |
| 23:52 | Queue | Villager (Male) |
| 23:55 | Build | Farm |
| 23:55 | Build | Farm |
| 23:56 | Build | Farm |
| 23:56 | Build | Farm |
| 23:56 | Build | Farm |
| 23:56 | Build | Farm |
| 24:39 | Build | Farm |
| 24:39 | Build | Farm |
| 24:39 | Build | Farm |
| 24:59 | Queue | Villager (Male) |
| 25:04 | Build | Farm |
| 25:05 | Build | Farm |
| 25:11 | Build | House |
| 25:15 | Build | House |
| 25:18 | Queue | Villager (Male) |
| 25:24 | Build | Farm |
| 25:24 | Build | Farm |
| 25:25 | Build | Farm |
| 25:34 | Queue | Villager (Male) |
| 25:45 | Build | House |
| 25:48 | Build | Farm |
| 25:52 | Build | Farm |
| 25:53 | Queue | Villager (Male) |
| 26:20 | Queue | Mangonel |
| 26:21 | Queue | Villager (Male) |
| 26:22 | Queue | Knight |
| 26:24 | Queue | Villager (Male) |
| 26:53 | Queue | Villager (Male) |
| 26:53 | Queue | Villager (Male) |
| 26:56 | Build | Farm |
| 26:56 | Build | Farm |
| 26:57 | Queue | Villager (Male) |
| 27:02 | Build | Farm |
| 27:08 | Queue | Villager (Male) |
| 27:12 | Queue | Mangonel |
| 27:12 | Queue | Scorpion |
| 27:17 | Queue | Villager (Male) |
| 27:19 | Build | Farm |
| 27:44 | Queue | Villager (Male) |
| 27:49 | Build | Archery Range |
| 27:57 | Build | Farm |
| 27:58 | Queue | Villager (Male) |
| 28:11 | Build | House |
| 28:13 | Queue | Villager (Male) |
| 28:15 | Build | House |
| 28:16 | Build | House |
| 28:23 | Queue | Villager (Male) |
| 28:37 | Queue | Villager (Male) |
| 28:42 | Build | House |
| 28:43 | Build | House |
| 28:44 | Queue | Knight |
| 28:57 | Queue | Villager (Male) |
| 28:58 | Queue | Knight |
| 29:17 | Queue | Skirmisher |
| 29:21 | Research | Elite Skirmisher (upgrade) |
| 29:23 | Build | Archery Range |
| 29:25 | Queue | Villager (Male) |
| 29:34 | Queue | Villager (Male) |
| 29:38 | Research | Bow Saw |
| 29:42 | Queue | Knight |
Build order — 網戀被騙三個大電
First 150 of 482 actions detected
| 1:40 | Build | Town Center |
| 3:43 | Build | Palisade Wall |
| 3:53 | Queue | Villager (Male) |
| 3:53 | Queue | Villager (Male) |
| 3:53 | Queue | Villager (Male) |
| 3:53 | Queue | Villager (Male) |
| 3:54 | Queue | Villager (Male) |
| 5:27 | Build | Palisade Wall |
| 5:33 | Build | Palisade Wall |
| 5:37 | Build | Palisade Gate |
| 5:48 | Queue | Villager (Male) |
| 5:48 | Queue | Villager (Male) |
| 5:58 | Queue | Villager (Male) |
| 6:01 | Research | Loom |
| 6:46 | Queue | Villager (Male) |
| 7:18 | Build | Mill |
| 7:25 | Queue | Villager (Male) |
| 7:26 | Queue | Villager (Male) |
| 7:26 | Queue | Villager (Male) |
| 7:59 | Queue | Villager (Male) |
| 8:00 | Queue | Villager (Male) |
| 8:30 | Queue | Villager (Male) |
| 9:13 | Queue | Villager (Male) |
| 9:13 | Queue | Villager (Male) |
| 9:30 | Queue | Villager (Male) |
| 10:03 | Queue | Villager (Male) |
| 10:03 | Queue | Villager (Male) |
| 10:04 | Queue | Villager (Male) |
| 10:11 | Build | Mining Camp |
| 10:45 | Build | Mill |
| 10:49 | Build | Mining Camp |
| 12:15 | Research | Feudal Age |
| 13:17 | Build | Barracks |
| 14:25 | Age | Feudal Age |
| 14:31 | Build | Watch Tower |
| 15:09 | Build | Watch Tower |
| 15:30 | Research | Man-at-Arms (upgrade) |
| 15:53 | Queue | Militia |
| 15:54 | Queue | Militia |
| 15:56 | Queue | Militia |
| 15:58 | Queue | Villager (Male) |
| 15:59 | Queue | Villager (Male) |
| 15:59 | Queue | Villager (Male) |
| 16:41 | Build | Market |
| 17:01 | Queue | Villager (Male) |
| 17:01 | Queue | Villager (Male) |
| 17:01 | Queue | Villager (Male) |
| 17:58 | Build | Watch Tower |
| 19:00 | Research | Wheelbarrow |
| 19:07 | Build | Lumber Camp |
| 19:10 | Research | Horse Collar |
| 19:50 | Queue | Villager (Male) |
| 19:50 | Queue | Villager (Male) |
| 19:50 | Queue | Villager (Male) |
| 19:51 | Queue | Villager (Male) |
| 19:51 | Queue | Villager (Male) |
| 19:51 | Queue | Villager (Male) |
| 19:52 | Queue | Villager (Male) |
| 20:27 | Queue | Militia |
| 20:27 | Queue | Militia |
| 20:38 | Build | Stable |
| 20:43 | Build | Dock |
| 21:15 | Research | Double-Bit Axe |
| 22:02 | Queue | Villager (Male) |
| 22:08 | Build | Dock |
| 22:15 | Queue | Fishing Ship |
| 22:16 | Queue | Fishing Ship |
| 22:18 | Queue | Fishing Ship |
| 22:21 | Queue | Villager (Male) |
| 23:12 | Queue | Scout Cavalry |
| 23:17 | Queue | Militia |
| 23:31 | Research | Tech 906 |
| 23:32 | Queue | Fishing Ship |
| 23:33 | Queue | Fishing Ship |
| 23:33 | Queue | Fishing Ship |
| 23:34 | Queue | Fishing Ship |
| 23:51 | Queue | Scout Cavalry |
| 23:53 | Queue | Militia |
| 24:43 | Queue | Villager (Male) |
| 24:43 | Queue | Villager (Male) |
| 24:46 | Queue | Fishing Ship |
| 24:47 | Queue | Fishing Ship |
| 24:49 | Queue | Fishing Ship |
| 24:50 | Queue | Fishing Ship |
| 24:52 | Queue | Fishing Ship |
| 24:52 | Queue | Fishing Ship |
| 24:57 | Build | Blacksmith |
| 25:13 | Queue | Scout Cavalry |
| 25:13 | Queue | Scout Cavalry |
| 25:13 | Queue | Scout Cavalry |
| 26:09 | Queue | Villager (Male) |
| 26:09 | Queue | Villager (Male) |
| 26:09 | Queue | Villager (Male) |
| 26:13 | Queue | Fishing Ship |
| 26:13 | Queue | Fishing Ship |
| 26:13 | Queue | Fishing Ship |
| 26:15 | Queue | Fishing Ship |
| 26:15 | Queue | Fishing Ship |
| 26:16 | Queue | Fishing Ship |
| 26:25 | Queue | Unit 2626 |
| 26:31 | Queue | Unit 2626 |
| 27:08 | Queue | Fishing Ship |
| 27:08 | Queue | Fishing Ship |
| 27:08 | Queue | Fishing Ship |
| 27:09 | Queue | Fishing Ship |
| 27:19 | Queue | Fishing Ship |
| 27:19 | Queue | Fishing Ship |
| 27:19 | Queue | Fishing Ship |
| 28:46 | Build | Farm |
| 28:46 | Build | Farm |
| 28:46 | Build | Farm |
| 28:46 | Build | Farm |
| 28:47 | Build | Farm |
| 28:47 | Build | Farm |
| 28:47 | Build | Farm |
| 28:47 | Build | Farm |
| 28:57 | Research | Gold Mining |
| 28:58 | Research | Stone Mining |
| 29:13 | Build | Lumber Camp |
| 29:25 | Build | Farm |
| 29:25 | Build | Farm |
| 29:25 | Build | Farm |
| 29:26 | Build | Farm |
| 29:26 | Build | Farm |
| 29:26 | Build | Farm |
| 29:27 | Build | Farm |
| 29:27 | Build | Farm |
| 29:48 | Research | Bloodlines |
| 29:55 | Research | Forging |
| 29:56 | Research | Scale Barding Armor |
| 30:08 | Build | Barracks |
| 30:11 | Build | Barracks |
| 30:21 | Build | Watch Tower |
| 30:44 | Queue | Scout Cavalry |
| 30:44 | Queue | Scout Cavalry |
| 30:45 | Queue | Scout Cavalry |
| 30:50 | Queue | Spearman |
| 30:51 | Queue | Spearman |
| 30:51 | Queue | Spearman |
| 30:51 | Queue | Spearman |
| 30:51 | Queue | Spearman |
| 31:09 | Build | Farm |
| 31:09 | Build | Farm |
| 31:10 | Build | Farm |
| 31:10 | Build | Farm |
| 31:10 | Build | Farm |
| 31:10 | Build | Farm |
| 31:10 | Build | Farm |
| 31:11 | Build | Farm |
| 31:33 | Queue | Spearman |
Build order — metalmilitia620
First 150 of 389 actions detected
| 1:01 | Build | Town Center |
| 2:31 | Build | House |
| 2:32 | Build | House |
| 3:42 | Queue | Villager (Male) |
| 3:43 | Queue | Villager (Male) |
| 3:43 | Queue | Villager (Male) |
| 3:43 | Queue | Villager (Male) |
| 4:33 | Build | Dock |
| 4:56 | Research | Loom |
| 5:52 | Queue | Villager (Male) |
| 5:52 | Queue | Villager (Male) |
| 5:53 | Queue | Villager (Male) |
| 6:24 | Queue | Villager (Male) |
| 6:24 | Queue | Villager (Male) |
| 6:52 | Queue | Fishing Ship |
| 7:28 | Queue | Villager (Male) |
| 7:28 | Queue | Villager (Male) |
| 7:28 | Queue | Villager (Male) |
| 7:59 | Build | House |
| 8:00 | Build | House |
| 8:02 | Queue | Villager (Male) |
| 8:02 | Queue | Villager (Male) |
| 8:12 | Queue | Fishing Ship |
| 8:23 | Queue | Villager (Male) |
| 8:32 | Build | House |
| 8:57 | Queue | Villager (Male) |
| 9:26 | Queue | Fishing Ship |
| 9:32 | Queue | Villager (Male) |
| 9:51 | Queue | Villager (Male) |
| 10:02 | Build | Lumber Camp |
| 10:14 | Queue | Villager (Male) |
| 10:25 | Queue | Fishing Ship |
| 10:43 | Build | House |
| 10:48 | Queue | Villager (Male) |
| 11:05 | Build | House |
| 11:13 | Queue | Villager (Male) |
| 11:16 | Queue | Villager (Male) |
| 11:16 | Queue | Villager (Male) |
| 11:16 | Queue | Villager (Male) |
| 11:17 | Queue | Villager (Male) |
| 11:32 | Build | Mill |
| 11:38 | Build | Mill |
| 11:56 | Build | Mining Camp |
| 12:12 | Queue | Villager (Male) |
| 12:29 | Queue | Fishing Ship |
| 13:11 | Queue | Fishing Ship |
| 13:28 | Research | Feudal Age |
| 13:55 | Queue | Fishing Ship |
| 14:29 | Build | Dock |
| 15:17 | Queue | Fishing Ship |
| 15:21 | Build | House |
| 15:22 | Build | House |
| 15:53 | Age | Feudal Age |
| 15:57 | Queue | Unit 2626 |
| 15:57 | Queue | Unit 2626 |
| 16:02 | Queue | Unit 2626 |
| 16:03 | Queue | Unit 2626 |
| 16:05 | Queue | Villager (Male) |
| 16:07 | Research | Double-Bit Axe |
| 16:14 | Research | Gold Mining |
| 16:33 | Queue | Villager (Male) |
| 16:49 | Queue | Villager (Male) |
| 17:00 | Build | Blacksmith |
| 17:13 | Research | Horse Collar |
| 17:15 | Queue | Villager (Male) |
| 17:21 | Queue | Unit 2626 |
| 17:37 | Queue | Villager (Male) |
| 17:49 | Research | Forging |
| 17:54 | Build | Mining Camp |
| 17:59 | Queue | Fishing Ship |
| 18:12 | Research | Fletching |
| 18:14 | Queue | Villager (Male) |
| 18:25 | Build | House |
| 18:27 | Build | House |
| 18:40 | Queue | Villager (Male) |
| 18:53 | Queue | Unit 2626 |
| 19:08 | Research | Wheelbarrow |
| 19:12 | Build | House |
| 19:51 | Queue | Villager (Male) |
| 20:02 | Queue | Unit 2626 |
| 20:03 | Queue | Unit 2626 |
| 20:20 | Build | Barracks |
| 20:25 | Research | Stone Mining |
| 20:40 | Queue | Unit 2626 ×3 |
| 20:49 | Queue | Villager (Male) |
| 21:26 | Build | Stable |
| 21:28 | Queue | Villager (Male) |
| 21:31 | Queue | Villager (Male) |
| 22:13 | Queue | Villager (Male) |
| 22:23 | Research | Castle Age |
| 22:28 | Build | Farm |
| 22:28 | Build | Farm |
| 22:28 | Build | Farm |
| 22:28 | Build | Farm |
| 22:42 | Research | Scale Barding Armor |
| 22:44 | Research | Bloodlines |
| 22:46 | Build | House |
| 23:09 | Build | Lumber Camp |
| 23:43 | Build | Archery Range |
| 23:52 | Research | Padded Archer Armor |
| 24:00 | Research | Tech 906 |
| 24:15 | Queue | Unit 2626 |
| 25:03 | Build | House |
| 25:04 | Build | House |
| 25:20 | Build | Stable |
| 25:24 | Age | Castle Age |
| 25:30 | Research | Bow Saw |
| 25:40 | Research | War Galley (upgrade) |
| 25:49 | Build | Castle |
| 26:01 | Build | Town Center |
| 26:04 | Queue | Villager (Male) |
| 26:11 | Research | Iron Casting |
| 26:34 | Research | Husbandry |
| 26:36 | Queue | Villager (Male) |
| 27:02 | Build | Town Center |
| 27:04 | Queue | Villager (Male) |
| 27:19 | Queue | Battle Elephant |
| 27:19 | Queue | Battle Elephant |
| 27:24 | Queue | Villager (Male) |
| 27:25 | Queue | Villager (Male) |
| 28:13 | Queue | Villager (Male) |
| 28:16 | Build | Farm |
| 28:18 | Build | Farm |
| 28:18 | Build | Farm |
| 28:18 | Build | Farm |
| 28:18 | Build | Farm |
| 28:23 | Queue | Elephant Archer |
| 28:23 | Queue | Elephant Archer |
| 28:28 | Queue | Fishing Ship |
| 28:52 | Queue | Villager (Male) |
| 28:59 | Queue | Battle Elephant |
| 29:04 | Build | Farm |
| 29:04 | Build | Farm |
| 29:04 | Build | Farm |
| 29:04 | Build | Farm |
| 29:05 | Build | Farm |
| 29:08 | Build | Farm |
| 29:09 | Build | Farm |
| 29:09 | Build | Farm |
| 29:09 | Build | Farm |
| 29:17 | Queue | Battle Elephant |
| 29:51 | Queue | Villager (Male) |
| 30:01 | Queue | Villager (Male) |
| 30:10 | Queue | Villager (Male) |
| 30:14 | Queue | Villager (Male) |
| 30:16 | Build | Farm |
| 30:16 | Build | Farm |
| 30:16 | Build | Farm |
| 30:16 | Build | Farm |
| 30:17 | Build | Farm |
Match timeline
| 1:17 | TANA · first_building Dock |
| 1:39 | R_FACELESS · first_building Dock |
| 2:18 | Otis Abi · first_building Dock |
| 2:58 | mahoganygnu · first_building Dock |
| 3:17 | TANA · wall_segment Palisade Wall x1 |
| 3:43 | 網戀被騙三個大電 · wall_segment Palisade Wall x1 |
| 3:56 | mahoganygnu · wall_segment Palisade Wall x1 |
| 4:00 | TANA · wall_segment Palisade Wall x1 |
| 4:04 | TANA · wall_segment Palisade Wall x1 |
| 4:20 | TANA · wall_segment Palisade Wall x1 |
| 4:22 | TANA · wall_segment Palisade Wall x1 |
| 4:24 | TANA · wall_segment Palisade Wall x1 |
| 4:26 | TANA · wall_segment Palisade Wall x1 |
| 4:29 | TANA · wall_segment Palisade Wall x1 |
| 4:30 | TANA · wall_segment Palisade Wall x1 |
| 4:33 | metalmilitia620 · first_building Dock |
| 5:27 | 網戀被騙三個大電 · wall_segment Palisade Wall x1 |
| 5:33 | 網戀被騙三個大電 · wall_segment Palisade Wall x11 |
| 6:33 | vajcoj · wall_segment Palisade Wall x1 |
| 8:39 | NakedFighter · first_building Dock |
| 9:30 | mahoganygnu · wall_segment Palisade Wall x7 |
| 10:03 | vajcoj · first_building Dock |
| 10:50 | mahoganygnu · wall_segment Palisade Wall x5 |
| 12:21 | R_FACELESS · first_building Barracks |
| 12:50 | mahoganygnu · first_building Barracks |
| 13:07 | vajcoj · wall_segment Palisade Wall x11 |
| 13:17 | 網戀被騙三個大電 · first_building Barracks |
| 13:22 | R_FACELESS · age_up feudal |
| 13:40 | TANA · first_building Barracks |
| 13:48 | Otis Abi · first_building Barracks |
| 14:15 | mahoganygnu · wall_segment Palisade Wall x10 |
| 14:25 | 網戀被騙三個大電 · age_up feudal |
| 14:27 | R_FACELESS · first_building Stable |
| 14:27 | vajcoj · age_up feudal |
| 15:22 | TANA · age_up feudal |
| 15:29 | TANA · first_building Stable |
| 15:36 | mahoganygnu · wall_segment Palisade Wall x2 |
| 15:48 | mahoganygnu · wall_segment Palisade Wall x12 |
| 15:48 | NakedFighter · first_building Barracks |
| 15:53 | metalmilitia620 · age_up feudal |
| 16:08 | mahoganygnu · wall_segment Palisade Wall x8 |
| 16:22 | R_FACELESS · wall_segment Palisade Wall x8 |
| 16:26 | R_FACELESS · wall_segment Palisade Wall x14 |
| 16:36 | mahoganygnu · age_up feudal |
| 16:59 | mahoganygnu · wall_segment Palisade Wall x12 |
| 17:24 | 網戀被騙三個大電 · first_market_buy 100 stone |
| 18:14 | NakedFighter · wall_segment Palisade Wall x2 |
| 19:39 | TANA · age_up castle |
| 20:01 | mahoganygnu · wall_segment Stone Wall x1 |
| 20:02 | mahoganygnu · wall_segment Stone Wall x1 |
| 20:02 | mahoganygnu · wall_segment Stone Wall x1 |
| 20:03 | mahoganygnu · wall_segment Stone Wall x1 |
| 20:04 | mahoganygnu · wall_segment Stone Wall x1 |
| 20:04 | mahoganygnu · wall_segment Stone Wall x1 |
| 20:05 | mahoganygnu · wall_segment Stone Wall x1 |
| 20:05 | mahoganygnu · wall_segment Stone Wall x1 |
| 20:07 | Otis Abi · age_up feudal |
| 20:20 | metalmilitia620 · first_building Barracks |
| 20:37 | TANA · first_building Siege Workshop |
| 20:38 | 網戀被騙三個大電 · first_building Stable |
| 20:43 | 網戀被騙三個大電 · first_building Dock |
| 21:01 | R_FACELESS · wall_segment Palisade Wall x11 |
| 21:03 | R_FACELESS · wall_segment Palisade Wall x6 |
| 21:12 | NakedFighter · age_up feudal |
| 21:26 | metalmilitia620 · first_building Stable |
| 21:48 | vajcoj · first_building Barracks |
| 23:13 | Otis Abi · first_building Archery Range |
| 23:43 | metalmilitia620 · first_building Archery Range |
| 24:03 | vajcoj · first_building Stable |
| 24:53 | NakedFighter · wall_segment Palisade Wall x1 |
| 25:16 | R_FACELESS · age_up castle |
| 25:24 | metalmilitia620 · age_up castle |
| 25:49 | metalmilitia620 · first_building Castle |
| 26:25 | R_FACELESS · first_building Castle |
| 27:49 | TANA · first_building Archery Range |
| 28:25 | mahoganygnu · first_market_buy 100 food |
| 31:10 | mahoganygnu · age_up castle |
| 31:23 | R_FACELESS · first_building Archery Range |
| 31:48 | R_FACELESS · first_market_buy 100 wood |
| 32:20 | mahoganygnu · first_building Castle |
| 32:47 | vajcoj · age_up castle |
| 33:07 | vajcoj · first_building Castle |
| 33:33 | mahoganygnu · first_market_sell 100 food |
| 34:04 | vajcoj · first_building Siege Workshop |
| 34:41 | vajcoj · wall_segment Stone Wall x7 |
| 35:58 | vajcoj · tribute_sent a jugador 1 |
| 35:58 | vajcoj · tribute_sent a jugador 2 |
| 35:58 | vajcoj · tribute_sent a jugador 3 |
| 35:58 | vajcoj · tribute_sent a jugador 4 |
| 35:58 | vajcoj · tribute_sent a jugador 6 |
| 35:58 | vajcoj · tribute_sent a jugador 7 |
| 35:58 | vajcoj · tribute_sent a jugador 8 |
| 37:06 | TANA · wall_segment Stone Wall x1 |
| 37:58 | 網戀被騙三個大電 · age_up castle |
| 38:13 | 網戀被騙三個大電 · first_building Castle |
| 39:28 | vajcoj · age_up imperial |
| 39:37 | TANA · first_market_sell 100 food |
| 39:45 | TANA · first_building Castle |
| 40:30 | metalmilitia620 · age_up imperial |
| 41:09 | TANA · wall_segment Palisade Wall x1 |
| 41:55 | R_FACELESS · first_building Monastery |
| 42:49 | TANA · age_up imperial |
| 43:09 | Otis Abi · first_market_sell 100 food |
| 44:09 | mahoganygnu · wall_segment Stone Wall x14 |
| 44:38 | TANA · wall_segment Stone Wall x1 |
| 45:38 | NakedFighter · age_up castle |
| 46:14 | Otis Abi · age_up castle |
| 46:25 | NakedFighter · first_building Monastery |
| 47:00 | NakedFighter · first_building Castle |
| 47:33 | TANA · wall_segment Palisade Wall x1 |
| 48:33 | mahoganygnu · wall_segment Palisade Wall x1 |
| 48:45 | TANA · wall_segment Palisade Wall x1 |
| 48:47 | TANA · wall_segment Palisade Wall x1 |
| 49:45 | metalmilitia620 · tribute_sent a jugador 1 |
| 49:45 | metalmilitia620 · tribute_sent a jugador 2 |
| 49:45 | metalmilitia620 · tribute_sent a jugador 3 |
| 49:45 | metalmilitia620 · tribute_sent a jugador 4 |
| 49:45 | metalmilitia620 · tribute_sent a jugador 5 |
| 49:45 | metalmilitia620 · tribute_sent a jugador 6 |
| 49:45 | metalmilitia620 · tribute_sent a jugador 7 |
| 50:33 | TANA · wall_segment Palisade Wall x1 |
| 50:38 | vajcoj · tribute_sent a jugador 1 |
| 50:38 | vajcoj · tribute_sent a jugador 2 |
| 50:38 | vajcoj · tribute_sent a jugador 3 |
| 50:38 | vajcoj · tribute_sent a jugador 4 |
| 50:38 | vajcoj · tribute_sent a jugador 6 |
| 50:38 | vajcoj · tribute_sent a jugador 7 |
| 50:38 | vajcoj · tribute_sent a jugador 8 |
| 53:31 | R_FACELESS · resign |
| 54:00 | metalmilitia620 · tribute_sent a jugador 1 |
| 54:00 | metalmilitia620 · tribute_sent a jugador 2 |
| 54:00 | metalmilitia620 · tribute_sent a jugador 3 |
| 54:00 | metalmilitia620 · tribute_sent a jugador 4 |
| 54:00 | metalmilitia620 · tribute_sent a jugador 5 |
| 54:00 | metalmilitia620 · tribute_sent a jugador 6 |
| 54:00 | metalmilitia620 · tribute_sent a jugador 7 |
| 54:08 | Otis Abi · first_market_buy 100 food |
| 55:34 | NakedFighter · age_up imperial |
| 55:41 | Otis Abi · first_building Castle |
| 56:35 | metalmilitia620 · tribute_sent a jugador 1 |
| 56:35 | metalmilitia620 · tribute_sent a jugador 2 |
| 56:35 | metalmilitia620 · tribute_sent a jugador 3 |
| 56:35 | metalmilitia620 · tribute_sent a jugador 4 |
| 56:35 | metalmilitia620 · tribute_sent a jugador 5 |
| 56:35 | metalmilitia620 · tribute_sent a jugador 6 |
| 56:35 | metalmilitia620 · tribute_sent a jugador 7 |
| 56:49 | vajcoj · tribute_sent a jugador 1 |
| 56:49 | vajcoj · tribute_sent a jugador 2 |
| 56:49 | vajcoj · tribute_sent a jugador 3 |
| 56:49 | vajcoj · tribute_sent a jugador 4 |
| 56:49 | vajcoj · tribute_sent a jugador 6 |
| 56:49 | vajcoj · tribute_sent a jugador 7 |
| 56:49 | vajcoj · tribute_sent a jugador 8 |
| 57:51 | NakedFighter · tribute_sent a jugador 1 |
| 57:51 | NakedFighter · tribute_sent a jugador 3 |
| 57:51 | NakedFighter · tribute_sent a jugador 4 |
| 57:51 | NakedFighter · tribute_sent a jugador 5 |
| 57:51 | NakedFighter · tribute_sent a jugador 6 |
| 57:51 | NakedFighter · tribute_sent a jugador 7 |
| 57:51 | NakedFighter · tribute_sent a jugador 8 |
| 58:15 | 網戀被騙三個大電 · age_up imperial |
| 59:15 | mahoganygnu · first_building Monastery |
| 59:50 | mahoganygnu · wall_segment Stone Wall x12 |
| 60:36 | metalmilitia620 · first_market_buy 500 wood |
| 63:00 | 網戀被騙三個大電 · first_building Monastery |
| 63:37 | mahoganygnu · wall_segment Stone Wall x15 |
| 63:37 | NakedFighter · wall_segment Stone Wall x12 |
| 64:05 | vajcoj · tribute_sent a jugador 1 |
| 64:05 | vajcoj · tribute_sent a jugador 2 |
| 64:05 | vajcoj · tribute_sent a jugador 3 |
| 64:05 | vajcoj · tribute_sent a jugador 4 |
| 64:05 | vajcoj · tribute_sent a jugador 6 |
| 64:05 | vajcoj · tribute_sent a jugador 7 |
| 64:05 | vajcoj · tribute_sent a jugador 8 |
| 66:38 | TANA · wall_segment Palisade Wall x1 |
| 66:42 | TANA · wall_segment Palisade Wall x1 |
| 66:47 | TANA · wall_segment Palisade Wall x1 |
[ AI ANALYSIS · 1 CREDIT ]
What really happened in this match?
Wolo.gg analyzes every decision: build order, eco, micro, common mistakes by bracket. Personalized analysis on WhatsApp or Discord in 30 seconds.
Civ guide
Teutons
Perfil
Jugador #248197